Map: Thunderbird LE

Players

GOReynor (Reynor) - Winner!

  • Race: Zerg Zerg
  • League: Master
  • Spawn Location: 11:00

llllllllllll (GuMiho)

  • Race: Terran Terran
  • League: Master
  • Spawn Location: 5:00

Event: 2019 Assembly Summer

VOD

Have the link to the VOD?

Description

Time

  • Played on: Aug. 2, 2019, 1:03 p.m.
  • Length: 27:57

All games in this series

Show
View Real Time Build Order
Export as new Build Order

GOReynor Zerg - Winner!

Build Orders: Hatch First, Swarm Host 

Get SALT Encoding   

  12  0:00  Drone  
  13  0:13  Overlord  
  13  0:16  Drone  
  14  0:31  Drone x2  
  16  0:48  Hatchery  
  15  0:51  Drone  
  15  0:55  Drone  
  17  0:58  Drone  
  18  1:09  Extractor  
  17  1:14  Spawning Pool  
  17  1:16  Drone  
  17  1:20  Drone  
  18  1:28  Drone  
  19  1:39  Drone  
  20  1:49  Overlord  
  20  2:00  Zergling x4  
  20  2:01  Queen x2  
  26  2:10  Drone  
  26  2:11  Drone  
  28  2:23  Drone x2  
  30  2:32  Drone  
  30  2:33  Drone  
  32  2:37  Hatchery  
  32  2:38  Metabolic Boost  
  32  2:43  Drone  
  32  2:48  Queen  
  34  2:53  Overlord  
  34  2:56  Drone  
  34  2:58  Drone  
  36  3:12  Drone x2  
  38  3:13  Overlord  
  38  3:14  Drone x2  
  38  3:16  Drone  
  38  3:19  Pneumatized Carapace  
  41  3:22  Drone  
  41  3:25  Queen  
  44  3:34  Overlord  
  44  3:35  Drone  
  44  3:36  Drone  
  44  3:39  Drone  
  47  3:42  Zergling x2  
  47  3:45  Drone x2  
  47  3:47  Drone  
  51  3:48  Queen  
  51  3:49  Drone  
  54  3:57  Overlord  
  54  3:58  Drone x3  
  54  4:02  Queen  
  57  4:06  Drone x2  
  57  4:07  Drone  
  62  4:11  Zergling x4  
  62  4:13  Drone x2  
  62  4:15  Overlord  
  66  4:23  Overlord  
  66  4:24  Drone x2  
  68  4:27  Queen  
  68  4:31  Overlord  
  70  4:34  Drone x4  
  70  4:38  Overlord  
  74  4:43  Zergling x4  
  74  4:48  Drone  
  74  4:49  Spore Crawler, Lair  
  74  4:50  Extractor  
  74  4:51  Roach Warren, Zergling x6  
  75  4:53  Drone  
  75  4:56  Drone  
  77  5:03  Drone x4  
  81  5:08  Evolution Chamber x2  
  81  5:09  Hatchery  
  81  5:10  Drone x2  
  81  5:13  Spore Crawler  
  79  5:14  Drone  
  79  5:15  Queen  
  79  5:19  Spore Crawler  
  81  5:22  Drone x3  
  81  5:23  Overlord  
  81  5:26  Drone x2  
  86  5:28  Overlord, Extractor  
  86  5:33  Queen  
  87  5:38  Drone x2  
  87  5:39  Spore Crawler x2  
  87  5:45  Zergling x6  
  87  5:48  Drone  
  87  5:49  Glial Reconstitution  
  91  5:50  Spire  
  91  5:51  Drone x2  
  91  5:53  Drone x2, Extractor  
  91  5:54  Drone  
  91  5:56  Extractor  
  93  5:57  Extractor  
  93  5:59  Extractor  
  91  6:07  Overlord  
  91  6:08  Roach x6  
  91  6:11  Queen  
  103  6:12  Drone  
  103  6:13  Drone  
  103  6:16  Overlord  
  103  6:32  Zerg Missile Weapons Level 1  
  101  6:34  Drone x6  
  101  6:36  Roach x5  
  117  6:43  Overlord  
  117  6:46  Queen  
  119  7:02  Corruptor x6  
  127  7:09  Corruptor  
  127  7:11  Queen x2  
  127  7:13  Overlord  
  127  7:14  Corruptor  
  133  7:19  Corruptor  
  133  7:22  Overlord  
  134  7:29  Roach x3  
  132  7:37  Roach x3  
  132  7:41  Overlord  
  132  7:42  Roach x4  
  146  7:51  Overlord  
  146  7:58  Roach, Zergling x2  
  146  8:00  Drone x5  
  146  8:03  Infestation Pit  
  146  8:04  Drone  
  149  8:10  Roach x3, Zergling x4  
  157  8:14  Zerg Ground Armor Level 1, Hatchery  
  157  8:16  Corruptor  
  158  8:23  Corruptor x2  
  158  8:26  Overlord  
  154  8:34  Drone x7  
  154  8:36  Overlord  
  161  8:51  Swarm Host x2  
  167  8:56  Extractor  
  167  8:57  Swarm Host  
  167  8:58  Swarm Host x2  
  167  9:00  Zerg Missile Weapons Level 2, Extractor  
  174  9:07  Overlord  
  173  9:10  Swarm Host  
  176  9:17  Drone  
  176  9:21  Overlord  
  178  9:25  Overlord  
  178  9:27  Swarm Host x4  
  190  9:35  Overlord  
  190  9:42  Swarm Host x3  
  199  9:47  Spore Crawler  
  199  9:48  Spine Crawler x2  
  199  9:49  Overseer  
  196  9:55  Zerg Flyer Armor Level 1  
  196  10:00  Extractor  
  196  10:01  Corruptor x2  
  199  10:13  Corruptor x3  
  189  10:30  Swarm Host x2  
  189  10:31  Swarm Host  
  196  10:37  Swarm Host  
  199  10:49  Hive  
  199  11:02  Zerg Ground Armor Level 2  
  199  11:23  Corruptor x4  
  199  11:24  Hatchery  
  199  11:38  Corruptor x4  
  196  11:41  Pathogen Glands  
  188  11:57  Infestor x3  
  188  11:58  Nydus Network  
  193  12:05  Ravager  
  193  12:06  Ravager  
  195  12:20  Corruptor x2  
  198  12:35  Corruptor x2, Extractor  
  198  12:36  Extractor  
  180  12:38  Roach x7, Zergling x20  
  180  12:42  Roach x2, Zergling x4  
  198  12:59  Corruptor  
  198  13:03  Zerg Flyer Armor Level 2  
  200  13:11  Burrow  
  195  13:31  Roach x2  
  195  13:32  Roach x2  
  199  13:34  Nydus Canal  
  199  13:40  Corruptor x2  
  181  13:50  Infestor x8  
  181  13:53  Corruptor  
  181  13:54  Zergling x4  
  181  13:55  Zergling x12  
  199  14:02  Neural Parasite  
  196  14:06  Spore Crawler  
  196  14:07  Spore Crawler  
  196  14:08  Spore Crawler  
  191  14:10  Nydus Canal  
  191  14:26  Ravager x4  
  191  14:27  Ravager, Queen  
  191  14:30  Hatchery  
  191  14:45  Nydus Canal  
  191  14:49  Infestor x4  
  198  15:08  Nydus Canal  
  198  15:10  Infestor x12  
  198  15:15  Infestor  
  200  15:23  Nydus Canal  
  198  15:40  Infestor  
  200  15:43  Infestor x3  
  157  16:27  Extractor x2  
  157  16:28  Corruptor x5, Infestor  
  157  16:31  Infestor x5  
  164  16:35  Greater Spire  
  164  16:36  Infestor x2  
  167  16:40  Zergling x2  
  167  16:44  Infestor x2  
  167  16:46  Roach x4  
  167  16:47  Roach  
  176  16:51  Nydus Canal  
  176  16:53  Roach x9  
  176  16:54  Roach x2  
  197  16:56  Corruptor  
  197  16:59  Overlord x3  
  198  17:08  Overlord x2  
  175  17:17  Corruptor x11  
  175  17:19  Roach x2  
  175  17:20  Zergling x2  
  178  17:27  Roach x2  
  176  17:34  Ravager x2  
  176  17:35  Ravager  
  176  17:36  Roach x2  
  162  17:45  Corruptor  
  162  17:50  Corruptor  
  144  18:01  Roach x3  
  144  18:03  Roach  
  140  18:11  Roach x3  
  141  18:35  Hatchery  
  134  18:52  Drone x5  
  134  18:57  Brood Lord  
  134  19:14  Brood Lord  
  134  19:16  Brood Lord  
  138  19:22  Ravager x2  
  140  19:25  Brood Lord  
  140  19:29  Nydus Canal  
  142  19:41  Brood Lord  
  144  19:48  Nydus Canal  
  144  19:52  Infestor x3  
  150  19:57  Drone  
  150  19:58  Drone x2  
  153  20:06  Brood Lord  
  155  20:20  Infestor x2  
  159  20:22  Drone x7  
  159  20:26  Extractor  
  155  20:48  Brood Lord  
  155  20:49  Drone x2  
  159  20:51  Drone x3  
  162  21:10  Infestor x8  
  162  21:13  Infestor  
  164  21:19  Roach x5  
  164  21:21  Overlord  
  174  21:27  Overlord  
  174  21:30  Nydus Canal  
  174  21:32  Roach x2  
  176  21:48  Nydus Canal  
  176  21:55  Infestor  
  176  21:58  Roach  
  178  22:01  Spine Crawler  
  178  22:02  Roach x4  
  178  22:03  Spine Crawler  
  178  22:08  Roach  
  178  22:09  Roach x2  
  178  22:10  Zergling x14  
  178  22:11  Zergling x2  
  178  22:15  Zergling x4  
  180  22:19  Nydus Canal  
  180  22:22  Corruptor  
  180  22:23  Zergling x4  
  180  22:29  Zergling x6  
  183  22:31  Zergling x4  
  183  22:36  Corruptor  
  178  22:37  Zergling x2  
  175  22:44  Ravager  
  175  22:51  Corruptor  
  176  22:52  Zergling x12  
  176  22:57  Zergling x2  
  176  22:58  Zergling x4  
  176  23:06  Queen  
  176  23:11  Infestor x3  
  176  23:12  Corruptor  
  174  23:16  Roach x3  
  165  23:20  Corruptor  
  153  23:29  Corruptor  
  145  23:52  Corruptor x2  
  147  23:56  Roach  
  141  24:04  Roach x5  
  155  24:11  Overlord  
  155  24:16  Drone  
  143  24:29  Hatchery  
  142  24:34  Brood Lord  
  144  24:38  Nydus Canal  
  144  24:41  Corruptor  
  144  24:42  Infestor x3  
  146  25:07  Corruptor  
  142  25:22  Zergling x12  
  144  25:34  Corruptor x2  
  148  25:49  Corruptor  
  150  25:56  Hatchery  
  142  26:04  Corruptor  
  144  26:15  Ravager  
  143  26:20  Corruptor  
  143  26:23  Drone x2  
  143  26:24  Drone x12  
  143  26:25  Spine Crawler  
  158  26:26  Spine Crawler  
  157  26:36  Nydus Canal  
  157  26:41  Corruptor  
  159  26:58  Corruptor x2  
  163  27:09  Corruptor  
  165  27:19  Corruptor  
  167  27:24  Nydus Canal  
  165  27:35  Zergling x2  
  165  27:36  Zergling x10  
Show
View Real Time Build Order
Export as new Build Order

llllllllllll Terran 

Build Orders: Command Center First (CC), Hellion Opening, Mech 

Get SALT Encoding   

  12  0:00  SCV  
  13  0:12  SCV  
  14  0:18  Supply Depot  
  14  0:24  SCV  
  15  0:39  SCV  
  16  0:51  SCV  
  17  0:58  Command Center  
  17  1:04  SCV  
  18  1:11  Barracks  
  18  1:16  SCV  
  19  1:20  Refinery  
  19  1:28  SCV  
  19  1:30  Refinery  
  20  1:40  SCV  
  21  1:52  SCV  
  22  1:58  Reaper  
  23  2:04  Orbital Command  
  23  2:10  Orbital Command  
  23  2:18  Factory  
  23  2:29  SCV  
  24  2:31  Barracks Reactor  
  24  2:37  SCV  
  25  2:42  SCV  
  26  2:49  SCV  
  27  2:55  SCV  
  28  3:01  SCV  
  28  3:05  Starport  
  29  3:07  SCV  
  29  3:10  Supply Depot  
  29  3:12  Hellion  
  32  3:13  Hellion, SCV  
  32  3:16  Barracks Tech Lab  
  32  3:19  SCV  
  35  3:25  SCV  
  35  3:26  Supply Depot  
  36  3:34  Hellion x2, SCV  
  38  3:37  SCV  
  42  3:46  SCV  
  42  3:48  Viking, Fusion Core  
  43  3:49  Refinery, SCV  
  43  3:50  Refinery  
  43  3:52  Supply Depot  
  46  3:56  Hellion  
  46  3:58  Hellion  
  46  4:00  SCV  
  46  4:02  SCV  
  52  4:05  Supply Depot  
  52  4:13  SCV  
  52  4:14  SCV  
  56  4:28  SCV x2  
  56  4:35  Battlecruiser  
  56  4:38  Supply Depot  
  62  4:39  Hellion x2  
  62  4:40  Weapon Refit  
  62  4:46  SCV  
  62  4:47  SCV  
  64  4:54  Starport, Barracks Tech Lab  
  64  4:59  SCV x2  
  66  5:06  Command Center  
  70  5:15  SCV x2  
  70  5:19  Supply Depot  
  70  5:21  Supply Depot  
  68  5:22  Hellion x2  
  68  5:27  SCV x2  
  74  5:41  Battlecruiser  
  80  5:47  Battlecruiser  
  86  5:56  SCV x2  
  88  6:01  Refinery  
  88  6:03  Factory  
  88  6:07  Refinery  
  88  6:08  Factory  
  88  6:10  SCV x2  
  94  6:18  Hellion x2  
  94  6:30  SCV x2  
  94  6:34  Supply Depot, Orbital Command  
  94  6:42  SCV x2  
  94  6:43  Hellion x2  
  100  6:48  Supply Depot x2  
  100  6:54  SCV x2  
  100  6:59  Battlecruiser  
  108  7:03  Factory Tech Lab x2  
  106  7:10  Hellion x2  
  108  7:16  SCV  
  108  7:17  SCV  
  116  7:30  Battlecruiser  
  116  7:36  Hellion x2  
  118  7:38  SCV  
  118  7:39  SCV x2  
  118  7:40  Siege Tank  
  118  7:41  Engineering Bay  
  118  7:43  Siege Tank  
  127  7:47  Mag-Field Accelerator  
  121  7:57  Hellion x2  
  111  8:07  Missile Turret x2  
  111  8:10  Missile Turret  
  111  8:12  Missile Turret, Siege Tank  
  114  8:13  Viking, Orbital Command  
  114  8:15  Siege Tank  
  119  8:24  Armory  
  119  8:37  Command Center  
  119  8:39  Battlecruiser  
  125  8:44  SCV x3  
  128  8:48  Armory  
  128  8:54  Supply Depot x2  
  128  8:55  Supply Depot  
  128  9:07  Battlecruiser  
  134  9:17  Siege Tank x2  
  134  9:19  Hellion x2  
  134  9:22  Terran Ship Weapons Level 1  
  144  9:27  Missile Turret  
  142  9:39  Terran Vehicle And Ship Armor Level 1  
  142  9:43  Battlecruiser  
  148  9:46  Factory x2  
  148  9:47  Hellion x2  
  148  9:48  Infernal Pre-Igniter  
  148  9:49  Siege Tank  
  148  9:51  Orbital Command  
  155  10:03  Siege Tank  
  158  10:15  Battlecruiser  
  164  10:40  Siege Tank  
  164  10:41  Factory Reactor, Hellion x2, Factory Tech Lab  
  174  10:51  Battlecruiser  
  180  11:00  Cyclone  
  180  11:01  Orbital Command  
  180  11:06  Cyclone  
  180  11:07  Hellion x2  
  181  11:12  Hellion  
  181  11:14  Missile Turret  
  181  11:17  Terran Vehicle Weapons Level 1  
  183  11:24  Missile Turret  
  183  11:25  Missile Turret  
  177  11:28  Missile Turret  
  167  11:39  Battlecruiser  
  171  11:40  Hellion x3  
  171  11:41  Hellion  
  171  11:45  Hellion x3  
  185  11:50  Factory  
  185  11:51  Factory  
  173  12:01  Hellion  
  173  12:02  Hellion x3  
  173  12:03  SCV x3  
  173  12:05  SCV  
  173  12:06  Cyclone, Hellion  
  188  12:16  Cyclone  
  191  12:23  Hellion x2  
  191  12:26  Supply Depot  
  195  12:32  Hellion  
  195  12:33  Viking, Hellion  
  195  12:34  Cyclone  
  180  12:44  Hellion x2  
  179  12:53  Hellion  
  179  12:55  Hellion  
  179  12:57  Factory Reactor, Factory Tech Lab  
  163  12:59  Terran Vehicle And Ship Armor Level 2  
  163  13:02  Refinery  
  165  13:06  Hellion x2  
  170  13:16  Cyclone  
  170  13:17  Cyclone x3  
  173  13:20  Terran Ship Weapons Level 2  
  173  13:22  Hellion x2  
  177  13:34  Hellion x3  
  148  13:48  Cyclone  
  148  13:50  Battlecruiser  
  148  13:52  Cyclone x2  
  148  13:53  Hellion x4  
  148  13:55  Hellion  
  163  13:56  Hellion  
  163  13:57  Hellion  
  159  14:11  Missile Turret  
  159  14:13  SCV x3  
  159  14:14  Hellion x2, SCV  
  167  14:27  Refinery  
  167  14:30  Cyclone x2  
  160  14:44  Hellion  
  168  14:52  Hellion x3  
  170  15:02  Cyclone  
  176  15:08  Siege Tank x3  
  178  15:14  Hellion x2  
  178  15:16  Hellion x3  
  178  15:20  Hellion  
  180  15:35  Hellion  
  176  15:41  Cyclone x3  
  185  15:43  Orbital Command  
  185  15:46  Orbital Command  
  185  15:56  Cyclone  
  188  15:59  Hellion x2  
  188  16:15  Cyclone  
  188  16:16  Cyclone  
  188  16:17  Cyclone  
  158  16:28  Siege Tank  
  158  16:29  Hellion  
  158  16:32  Hellion  
  165  16:35  Orbital Command  
  165  16:45  Hellion x3  
  165  16:46  Hellion  
  173  16:47  Siege Tank  
  173  16:48  Siege Tank  
  173  16:50  Siege Tank  
  173  16:51  Hellion  
  173  16:53  Hellion  
  173  17:21  Siege Tank  
  173  17:22  Cyclone  
  155  17:28  Cyclone  
  155  17:29  Hellion x2  
  156  17:30  Hellion  
  156  17:35  Hellion  
  155  17:42  Battlecruiser  
  136  17:47  Hellion  
  136  17:48  Hellion  
  131  17:53  Hellion x2  
  131  17:56  Hellion  
  128  18:04  Cyclone  
  119  18:13  Hellion x2  
  119  18:16  Hellion  
  121  18:20  Hellion  
  117  18:28  Hellion x2  
  111  18:36  Hellion  
  111  18:38  Hellion  
  103  18:44  Hellion  
  103  18:45  Hellion x2  
  109  18:53  Cyclone  
  110  18:59  Hellion x2  
  110  19:02  Supply Depot, Engineering Bay  
  102  19:10  Hellion x3  
  102  19:11  Hellion  
  102  19:15  Cyclone  
  113  19:18  Hellion x2  
  113  19:20  Refinery x2  
  117  19:34  Hellion x3  
  123  19:41  Cyclone  
  115  19:51  Cyclone  
  113  19:59  Hellion x6  
  125  20:02  Orbital Command  
  125  20:04  Refinery  
  125  20:06  Refinery  
  125  20:07  Cyclone  
  128  20:12  SCV x3  
  127  20:23  Cyclone  
  127  20:25  Hellion x3  
  127  20:29  SCV x4  
  131  20:41  SCV  
  132  20:43  Cyclone  
  132  20:49  SCV x3  
  138  20:53  SCV  
  138  20:54  Cyclone  
  142  21:01  Cyclone  
  145  21:06  Hellion x5  
  151  21:16  Cyclone x2  
  136  21:18  Hellion  
  136  21:25  SCV x4  
  134  21:26  Hellion  
  134  21:27  Hellion  
  138  21:37  SCV x4  
  142  21:43  Cyclone  
  145  21:48  Hellion x3  
  145  21:49  SCV x2  
  151  21:55  Cyclone x2  
  151  21:58  Cyclone  
  138  22:15  Cyclone  
  126  22:17  Hellion x2  
  123  22:27  Cyclone x2  
  121  22:31  Cyclone  
  116  22:44  Hellion x2  
  116  22:47  Cyclone  
  119  22:59  Cyclone  
  119  23:00  Cyclone  
  113  23:17  Cyclone, Hellion  
  113  23:18  Hellion x2  
  107  23:21  Cyclone, Hellion x2  
  102  23:33  Orbital Command  
  92  23:46  Cyclone  
  92  23:47  Cyclone  
  94  23:48  Hellion  
  94  23:49  Hellion  
  62  24:32  Refinery x2  
  62  24:33  Hellion x2, Battlecruiser  
  62  24:34  Hellion  
  62  24:38  Hellion  
  76  24:41  Hellion  
  78  24:46  Hellion  
  78  24:50  Hellion  
  76  25:30  Battlecruiser  
  70  25:56  Orbital Command  
  70  26:03  Orbital Command  
  70  26:10  Battlecruiser  
  42  27:17  Orbital Command  
  42  27:22  Hellion x3  
  52  27:23  Hellion x3  
Tags
 
Add a new tag
Caveats
  • Supply blocks, unpowered buildings, or Contaminate may cause inaccurate times.
  • Supply counts are checked every 10 seconds.